 Dungeon Crawl Stone Soup version 0.30.1-11-g7821555f0a (webtiles) character file.

Game seed: 17706776846103190392

89 Kallu the Ruffian (level 4, -7/38 HPs)
             Began as a Ghoul Monk on Jan 6, 2024.
             Mangled by a wight
             ... wielding a +0 morningstar
              (13 damage)
             ... on level 6 of the Dungeon.
             The game lasted 00:02:22 (1578 turns).

Kallu the Ruffian (Ghoul Monk)                      Turns: 1578, Time: 00:02:23

Health: -7/38      AC:  2    Str: 16    XL:     4   Next: 55%
Magic:  3/3        EV: 12    Int:  5    God:
Gold:   221        SH:  0    Dex: 11    Spells: 3/3 levels left

rFire   . .          .
                       - Unarmed
rCold   + . .        c - orb {light}
rNeg    + + +        a - +0 robe
rPois   ∞            (no helmet)
rElec   .            (no cloak)
rCorr   .            (no gloves)
SInv    .            (no boots)
Will    .....        (no amulet)
Stlth   +            (no ring)
HPRegen 0.00/turn    (no ring)
MPRegen 0.08/turn

%: no passive effects
@: about to teleport, inhibited regen, glowing
A: claws 1, cold resistance 1, negative energy resistance 3, inhibited
regeneration, torment resistance 2, devour on kill
a: no special abilities


You were on level 6 of the Dungeon.
You visited 1 branch of the dungeon, and saw 4 of its levels.

You collected 221 gold pieces.

Inventory:

Armour
 a - a +0 robe (worn)
 c - an orb of light (worn)
Wands
 g - a wand of mindburst (5)
Scrolls
 d - a scroll of teleportation
 e - a scroll of fear {unknown}
 f - 2 scrolls of enchant weapon
 k - a scroll of blinking {unknown}
 m - a scroll of vulnerability {unknown}
 o - a scroll of enchant armour {unknown}
 p - 7 scrolls of identify {unknown}
 r - a scroll of magic mapping {unknown}
 s - a scroll of acquirement {unknown}
 t - a scroll of silence {unknown}
Potions
 b - a potion of ambrosia
 h - 2 potions of flight {unknown}
 i - a potion of curing {unknown}
 j - a potion of resistance {unknown}
 l - 2 potions of invisibility {unknown}
 n - a potion of heal wounds {unknown}
 q - a potion of haste {unknown}


   Skills:
 - Level 3.2 Fighting
 - Level 2.6 Dodging
 + Level 5.7 Unarmed Combat


You had 3 spell levels left.
You didn't know any spells.
Your spell library contained the following spells:

 Spells                   Type           Power      Damage    Failure   Level
 Sandblast                Erth           0%         2d4       47%         1
 Passwall                 Tmut/Erth      0%         N/A       63%         2
 Poisonous Vapours        Pois/Air       0%         N/A       63%         2
 Mephitic Cloud           Conj/Pois/Air  0%         N/A       85%         3
 Stone Arrow              Conj/Erth      0%         3d7       85%         3
 Freezing Cloud           Conj/Ice/Air   0%         6-21      100%        5


Dungeon Overview and Level Annotations

Branches:
Dungeon (3/15)

Altars:
Gozag

Annotations:
D:2 1 runed translucent door, Crazy Yiuf


Innate Abilities, Weirdness & Mutations

You are immune to poison.
You have sharp fingernails.
Your flesh is cold resistant. (rC+)
You are immune to negative energy. (rN+++)
You do not regenerate when monsters are visible.
You are immune to unholy pain and torment.
You thrive by killing the living.


Message History

A wight comes into view. It is wielding a +0 morningstar.
Found a gold piece.
The wight moves out of view.
You now have 221 gold pieces (gained 1).
A wight is nearby!
A wight is nearby!
Unknown command. 2 wights come into view.
You see here a gold piece.
Found a gold piece.
A wight comes into view. It is wielding a +0 short sword.
The wight attacks as you move away!
The wight hits you with a +0 short sword.
The wight attacks as you move away! The wight closely misses you.
You see here a gold piece.
You scratch the wight but do no damage. You claw the wight!
The wight is heavily damaged.
You scratch the wight.
The wight is heavily damaged.
The wight misses you.
You scratch the wight but do no damage.
The wight is heavily damaged.
The wight barely misses you.
The wight hits you with a +0 short sword!
You scratch the wight.
The wight is severely damaged.
The wight closely misses you. The wight barely misses you.
The wight hits you with a +0 dagger.
Unknown command.
As you read the scroll labelled SAIVOU QURPHE, it crumbles to dust.
It is a scroll of enchant weapon.
You aren't carrying any weapons that can be enchanted.
The wight hits you with a +0 morningstar!
The wight misses you.
The wight hits you with a +0 short sword.
* * * LOW HITPOINT WARNING * * *
As you read the scroll labelled ZYTONK OLOOMN, it crumbles to dust.
You feel strangely unstable.
It was a scroll of teleportation.
The wight hits you with a +0 morningstar!
You die...

#####
#8_8#
#$..#
#z@z#
##z##
#.z.#
#...#
#.$..
#....#
#.$...
#......
..$.....


You could see 4 wights.

Vanquished Creatures
  3 adders (D:2)
  4 dart slugs
  A worm (D:2)
  5 ball pythons
  5 endoplasms
  2 giant cockroaches
  2 goblins (D:2)
  7 hobgoblins
  5 kobolds
  2 quokkas
  6 bats
  3 frilled lizards
  5 rats
50 creatures vanquished.

Notes
Turn   | Place    | Note
-------+----------+-------------------------------------------
     0 | D:1      | Kallu the Ghoul Monk began the quest for the Orb.
     0 | D:1      | Reached XP level 1. HP: 19/19 MP: 0/0
   111 | D:1      | Reached XP level 2. HP: 26/26 MP: 1/1
   122 | D:1      | Reached skill level 4 in Unarmed Combat
   447 | D:1      | Found a faded altar of an unknown god.
   452 | D:1      | Reached XP level 3. HP: 29/31 MP: 2/2
   693 | D:2      | Found a runed translucent door.
   694 | D:2      | Noticed Crazy Yiuf
   961 | D:2      | Reached skill level 5 in Unarmed Combat
  1211 | D:2      | Identified the +0 ring mail of Loss {*Slow rC+ rN+ Int+4}
  1391 | D:2      | Reached XP level 4. HP: 38/38 MP: 3/3
  1566 | D:3      | You fall into a shaft and drop 3 floors!
  1566 | D:6      | Found an opulent altar of Gozag.
  1578 | D:6      | Mangled by a wight

Illustrated notes

Levels and vault maps discovered:
D:1:      heliophobic_arrival_battle_scene, layout_rooms,
          nicolae_ecumenical_snake_handling, minmay_misc_feat_ornament
D:2:      layout_loops_ring, minivault_5, minmay_gold_behind_fungi,
          minmay_joined_circles, uniq_crazy_yiuf_cottage
D:3:      layout_loops_ring, mainiacjoe_overflow_alcove_2
D:6:      layout_rooms, grunt_gozag_breadcrumbs,
          minmay_temple_entry_from_below_a, serial_glass, glass_columns_a,
          glass_columns_b, ebering_ghost_reflecting_pool

Skill      XL: |  1  2  3 |
---------------+----------+-----
Unarmed Combat | 4 5 |  5.7
Fighting       | |  3.2
Dodging        | |  2.6

Action                     |  1- 3 |  4- 6 || total
---------------------------+-------+-------++-------
  Melee: Unarmed           |   101 |    23 ||   124
    Use: Scroll            |       |     2 ||     2
 Armour: Robe              |    25 |     3 ||    28
  Dodge: Dodged            |    70 |    12 ||    82
